Wild vs Flyers

Created - January 17 2011 at 17:40

Goals
1 2 3 OT1 SO T
Wild 1 1 1 0 2 4
Flyers 1 0 2 0 1 3
Shots
1 2 3 OT1 SO T
Wild 7 9 10 1 3 27
Flyers 9 15 9 2 3 35

Period #1

1. Flyers , Lee Stempniak 13 (Ladislav Smid, Brendan Morrison) at 14:58
2. Wild , Michal Rozsival 8 (Milan Hejduk, Christopher Higgins) at 19:19

Penalties :
Joe Pavelski (MIN) for Slashing (Minor) at 0:08, Lee Stempniak (PHI) for Cross-checking (Minor) at 9:13, Rob Niedermayer (MIN) for Roughing (Minor) at 11:59

Period #2

3. Wild , Daniel Alfredsson 27 (Jan Hejda, Greg Zanon) at 19:20 (PP)

Penalties :
Christopher Higgins (MIN) for Tripping (Minor) at 1:03, Christopher Higgins (MIN) for Hooking (Minor) at 5:41, Chris Drury (MIN) for Roughing (Minor) at 8:38, Rob Blake (PHI) for Interference (Minor) at 18:24

Period #3

4. Flyers , Radim Vrbata 14 (Kevin Bieksa) at 3:01
5. Wild , Michal Rozsival 9 (Martin St. Louis, Joe Pavelski) at 15:24 (PP)
6. Flyers , Niklas Hagman 8 (Rob Blake, Radim Vrbata) at 17:18

Penalties :
Michal Rozsival (MIN) for Tripping (Minor) at 6:02, Kevin Bieksa (PHI) for Hooking (Minor) at 11:28, Kevin Bieksa (PHI) for Hooking (Minor) at 14:23

Overtime #1

No Goal

Penalties :
Jochen Hecht (PHI) for Hooking (Minor) at 1:55

Shootout

Penalty Shot by Milan Hejduk for Wild - Goal!
Penalty Shot by Alexandre Picard for Flyers - Goal!
Penalty Shot by Daniel Alfredsson for Wild - Shot Misses the Net
Penalty Shot by Jochen Hecht for Flyers - Stopped by Ilya Bryzgalov
Penalty Shot by Martin St. Louis for Wild - Goal!
Penalty Shot by John Madden for Flyers - Shot Misses the Net

Penalties :
No Penalty

Goalie Stats

Ilya Bryzgalov (MIN), 32 saves from 35 shots - (0.914), W, 28-15-3, 65:00 minutes
Tomas Vokoun (PHI), 24 saves from 27 shots - (0.889), OTL, 15-19-7, 65:00 minutes

Players Stats

Wild
Player Name              G  A  P  +/- PIM S  H  SB FO    MP 
------------------------------------------------------------
Aaron Ward               0  0  0  -1  0   0  1  0  0/0   13 
Brian Willsie            0  0  0  -1  0   1  0  0  0/1   13 
Chris Drury              0  0  0   0  2   3  3  1  16/27 22 
Christopher Higgins      0  1  1  -1  4   0  2  1  0/2   20 
Daniel Alfredsson        1  0  1   0  0   4  0  0  2/5   25 
Freddy Meyer             0  0  0  -1  0   1  3  1  0/0   22 
Greg Zanon               0  1  1   0  0   0  1  1  0/0   25 
Jan Hejda                0  1  1   0  0   0  3  0  0/0   24 
Jay Leach                0  0  0   0  0   0  0  0  0/0   0  
Joe Pavelski             0  1  1  -1  2   4  1  0  23/32 22 
Martin St. Louis         0  1  1   0  0   2  0  0  2/6   22 
Michal Rozsival          2  0  2  -1  2   2  3  2  0/0   22 
Milan Hejduk             0  1  1  -1  0   8  0  0  0/1   19 
Olli Jokinen             0  0  0   0  0   0  0  0  3/6   4  
Rob Niedermayer          0  0  0  -1  2   0  1  0  16/29 17 
Robert Lang              0  0  0   0  0   0  0  0  0/0   2  
Ryan Whitney             0  0  0  -1  0   1  0  2  0/0   21 
Stephane Yelle           0  0  0  -1  0   1  2  0  0/0   13 
Flyers
Player Name              G  A  P  +/- PIM S  H  SB FO    MP 
------------------------------------------------------------
Alexandre Picard         0  0  0   0  0   0  3  0  4/22  25 
Andrei Markov            0  0  0   0  0   1  0  0  0/0   18 
Andrej Sekera            0  0  0   0  0   0  1  0  0/0   12 
Brendan Morrison         0  1  1   1  0   2  1  0  11/19 18 
Chris Pronger            0  0  0   0  0   3  2  3  0/0   28 
Glen Metropolit          0  0  0   0  0   0  1  0  11/15 10 
Jochen Hecht             0  0  0   1  2   6  1  0  1/4   24 
John Madden              0  0  0   1  0   2  3  1  18/42 25 
Justin Williams          0  0  0   0  0   4  0  0  0/0   13 
Kevin Bieksa             0  1  1   1  4   3  2  2  0/0   24 
Kyle Brodziak            0  0  0   0  0   0  2  1  0/0   10 
Ladislav Smid            0  1  1   1  0   1  0  1  0/0   14 
Lee Stempniak            1  0  1   1  2   2  1  0  0/0   11 
Niklas Hagman            1  0  1   1  0   4  2  0  1/4   25 
Radim Vrbata             1  1  2   1  0   3  2  0  1/3   20 
Rob Blake                0  1  1   1  2   4  3  2  0/0   24 
Rostislav Klesla         0  0  0   1  0   0  0  0  0/0   11 
Tim Connolly             0  0  0   0  0   0  0  0  0/0   0  

3 Stars

1 - Radim Vrbata (PHI)
2 - Michal Rozsival (MIN)
3 - Niklas Hagman (PHI)

Power Play

Wild - 2 on 5 Attempt(s) - 40.00%
Flyers - 0 on 6 Attempt(s) - 0.00%

Penalty Kill

Wild - 6 on 6 Attempt(s) - 100.00% - Score 0 goal in Penalty Kill
Flyers - 3 on 5 Attempt(s) - 60.00% - Score 0 goal in Penalty Kill

Game Notes

No Game Note

Finance

Level 1 -- Attendance: 4951 (76.17%) -- Ticket Income $470,345.00
Level 2 -- Attendance: 3896 (77.92%) -- Ticket Income $210,384.00
Level 3 -- Attendance: 2727 (77.91%) -- Ticket Income $95,445.00
Level 4 -- Attendance: 3051 (86.70%) -- Ticket Income $45,765.00
Luxury Box -- Attendance: 852 (85.20%) -- Ticket Income $163,584.00
Game was played at the Wachovia Center
Total Attendance: 15477 (79.29%)
Total Ticket Income: $1,019,750.00
Other Income: $202,447.20
Total Income: $1,222,197.00


Play by Play

Period #1

0:01 of 1st period - Chris Drury wins face-off versus Alexandre Picard in neutral zone.
0:03 of 1st period - Off-side.
0:04 of 1st period - Joe Pavelski wins face-off versus John Madden in neutral zone.
0:08 of 1st period - Minor Penalty to Joe Pavelski for Slashing.
0:09 of 1st period - Chris Drury wins face-off versus Alexandre Picard in Wild zone.
0:26 of 1st period - Shot by Justin Williams.
0:26 of 1st period - Shot Misses the Net.
0:28 of 1st period - Shot by Justin Williams.
0:28 of 1st period - Shot Blocked by Christopher Higgins.
0:30 of 1st period - Shot by Andrei Markov.
0:30 of 1st period - Stopped by Ilya Bryzgalov with a rebound.
0:35 of 1st period - Justin Williams is hit by Jan Hejda and loses puck.
0:41 of 1st period - Jochen Hecht is hit by Michal Rozsival and loses puck.
1:03 of 1st period - John Madden is hit by Freddy Meyer and loses puck.
2:15 of 1st period - Shot by Niklas Hagman.
2:15 of 1st period - Stopped by Ilya Bryzgalov with a rebound.
2:17 of 1st period - Shot by Brendan Morrison.
2:17 of 1st period - Stopped by Ilya Bryzgalov without a rebound.
2:18 of 1st period - Brendan Morrison wins face-off versus Joe Pavelski in Wild zone.
2:43 of 1st period - Shot by Lee Stempniak.
2:43 of 1st period - Shot Blocked by Ryan Whitney.
2:45 of 1st period - Shot by Brendan Morrison.
2:45 of 1st period - Shot Misses the Net.
2:47 of 1st period - Shot by Brendan Morrison.
2:47 of 1st period - Shot Blocked by Ryan Whitney.
3:49 of 1st period - Shot by Radim Vrbata.
3:49 of 1st period - Deflect By Jochen Hecht.
3:49 of 1st period - Stopped by Ilya Bryzgalov with a rebound.
4:53 of 1st period - Icing by Ladislav Smid.
4:54 of 1st period - Rob Niedermayer wins face-off versus Brendan Morrison in Flyers zone.
4:59 of 1st period - Shot by Freddy Meyer.
4:59 of 1st period - Stopped by Tomas Vokoun without a rebound.
5:00 of 1st period - Glen Metropolit wins face-off versus Rob Niedermayer in Flyers zone.
5:24 of 1st period - Icing by Chris Pronger.
5:25 of 1st period - Glen Metropolit wins face-off versus Chris Drury in Flyers zone.
5:27 of 1st period - Icing by Kyle Brodziak.
5:28 of 1st period - Glen Metropolit wins face-off versus Chris Drury in Flyers zone.
5:34 of 1st period - Off-side.
5:35 of 1st period - Chris Drury wins face-off versus John Madden in neutral zone.
5:38 of 1st period - John Madden is hit by Chris Drury and loses puck.
6:00 of 1st period - Icing by Greg Zanon.
6:01 of 1st period - Chris Drury wins face-off versus Alexandre Picard in Wild zone.
6:05 of 1st period - Martin St. Louis is hit by Chris Pronger and loses puck.
6:47 of 1st period - Daniel Alfredsson is hit by Radim Vrbata and loses puck.
7:38 of 1st period - Icing by Rob Blake.
7:39 of 1st period - John Madden wins face-off versus Joe Pavelski in Flyers zone.
7:52 of 1st period - Shot by Lee Stempniak.
7:52 of 1st period - Shot Misses the Net.
7:54 of 1st period - Shot by Lee Stempniak.
7:54 of 1st period - Stopped by Ilya Bryzgalov without a rebound.
7:55 of 1st period - Rob Niedermayer wins face-off versus Glen Metropolit in Wild zone.
7:55 of 1st period - Rob Niedermayer is hit by Kyle Brodziak.
8:04 of 1st period - Brian Willsie is hit by Chris Pronger and loses puck.
8:23 of 1st period - Shot by Rob Niedermayer.
8:23 of 1st period - Shot Blocked by Kyle Brodziak.
8:38 of 1st period - Icing by Ryan Whitney.
8:39 of 1st period - Joe Pavelski wins face-off versus Brendan Morrison in Wild zone.
8:44 of 1st period - Shot by Milan Hejduk.
8:44 of 1st period - Stopped by Tomas Vokoun without a rebound.
8:45 of 1st period - Joe Pavelski wins face-off versus Jochen Hecht in Flyers zone.
9:12 of 1st period - Christopher Higgins is hit by Lee Stempniak.
9:13 of 1st period - Minor Penalty to Lee Stempniak for Cross-checking.
9:14 of 1st period - John Madden wins face-off versus Olli Jokinen in Flyers zone.
11:38 of 1st period - Icing by Andrej Sekera.
11:39 of 1st period - Joe Pavelski wins face-off versus Glen Metropolit in Flyers zone.
11:48 of 1st period - Shot by Martin St. Louis.
11:48 of 1st period - Shot Misses the Net.
11:50 of 1st period - Shot by Joe Pavelski.
11:50 of 1st period - Shot Blocked by Chris Pronger.
11:52 of 1st period - Shot by Daniel Alfredsson.
11:52 of 1st period - Shot Misses the Net.
11:54 of 1st period - Shot by Joe Pavelski.
11:54 of 1st period - Stopped by Tomas Vokoun without a rebound.
11:55 of 1st period - Rob Niedermayer wins face-off versus Niklas Hagman in Flyers zone.
11:59 of 1st period - Minor Penalty to Rob Niedermayer for Roughing.
12:00 of 1st period - Martin St. Louis wins face-off versus Niklas Hagman in Wild zone.
12:10 of 1st period - Off-side.
12:11 of 1st period - Niklas Hagman wins face-off versus Martin St. Louis in neutral zone.
12:32 of 1st period - Shot by Chris Pronger.
12:32 of 1st period - Stopped by Ilya Bryzgalov without a rebound.
12:33 of 1st period - John Madden wins face-off versus Chris Drury in Wild zone.
12:40 of 1st period - Shot by Niklas Hagman.
12:40 of 1st period - Shot Blocked by Freddy Meyer.
12:42 of 1st period - Shot by Radim Vrbata.
12:42 of 1st period - Stopped by Ilya Bryzgalov without a rebound.
12:43 of 1st period - Chris Drury wins face-off versus Jochen Hecht in Wild zone.
13:44 of 1st period - Icing by Rob Blake.
13:45 of 1st period - Joe Pavelski wins face-off versus John Madden in Flyers zone.
13:45 of 1st period - Joe Pavelski is hit by Rob Blake.
13:52 of 1st period - Icing by Kevin Bieksa.
13:53 of 1st period - Chris Drury wins face-off versus John Madden in Flyers zone.
13:54 of 1st period - Shot by Daniel Alfredsson.
13:54 of 1st period - Stopped by Tomas Vokoun with a rebound.
14:44 of 1st period - Shot by Lee Stempniak.
14:44 of 1st period - Shot Misses the Net.
14:58 of 1st period - Shot by Lee Stempniak.
14:58 of 1st period - Goal by Lee Stempniak - Wild : 0 - Flyers : 1.
14:59 of 1st period - Joe Pavelski wins face-off versus Radim Vrbata in neutral zone.
15:17 of 1st period - Icing by Radim Vrbata.
15:18 of 1st period - Chris Drury wins face-off versus John Madden in Flyers zone.
15:27 of 1st period - Shot by Martin St. Louis.
15:27 of 1st period - Shot Blocked by Rob Blake.
15:39 of 1st period - Shot by Martin St. Louis.
15:39 of 1st period - Shot Misses the Net.
15:45 of 1st period - Shot by Daniel Alfredsson.
15:45 of 1st period - Shot Blocked by John Madden.
15:49 of 1st period - Shot by Daniel Alfredsson.
15:49 of 1st period - Shot Misses the Net.
15:51 of 1st period - Shot by Chris Drury.
15:51 of 1st period - Stopped by Tomas Vokoun without a rebound.
15:52 of 1st period - Joe Pavelski wins face-off versus Alexandre Picard in Flyers zone.
15:58 of 1st period - Icing by Alexandre Picard.
15:59 of 1st period - Joe Pavelski wins face-off versus Alexandre Picard in Flyers zone.
16:40 of 1st period - Off-side.
16:41 of 1st period - Chris Drury wins face-off versus Brendan Morrison in neutral zone.
16:49 of 1st period - Shot by Martin St. Louis.
16:49 of 1st period - Shot Misses the Net.
16:51 of 1st period - Shot by Daniel Alfredsson.
16:51 of 1st period - Shot Misses the Net.
16:53 of 1st period - Shot by Chris Drury.
16:53 of 1st period - Stopped by Tomas Vokoun without a rebound.
16:54 of 1st period - Glen Metropolit wins face-off versus Rob Niedermayer in Flyers zone.
16:54 of 1st period - Glen Metropolit is hit by Stephane Yelle.
17:11 of 1st period - Shot by Andrej Sekera.
17:11 of 1st period - Shot Misses the Net.
18:02 of 1st period - Shot by Rob Blake.
18:02 of 1st period - Stopped by Ilya Bryzgalov without a rebound.
18:03 of 1st period - Brendan Morrison wins face-off versus Daniel Alfredsson in Wild zone.
18:49 of 1st period - Icing by Rob Blake.
18:50 of 1st period - Joe Pavelski wins face-off versus John Madden in Flyers zone.
19:11 of 1st period - Shot by Milan Hejduk.
19:11 of 1st period - Shot Misses the Net.
19:13 of 1st period - Shot by Christopher Higgins.
19:13 of 1st period - Shot Blocked by Kevin Bieksa.
19:17 of 1st period - Shot by Milan Hejduk.
19:17 of 1st period - Shot Misses the Net.
19:19 of 1st period - Shot by Michal Rozsival.
19:19 of 1st period - Goal by Michal Rozsival - Wild : 1 - Flyers : 1.
19:20 of 1st period - Brendan Morrison wins face-off versus Daniel Alfredsson in neutral zone.

Period #2

0:01 of 2nd period - Martin St. Louis wins face-off versus Alexandre Picard in neutral zone.
0:29 of 2nd period - Shot by Daniel Alfredsson.
0:29 of 2nd period - Stopped by Tomas Vokoun without a rebound.
0:30 of 2nd period - Joe Pavelski wins face-off versus John Madden in Flyers zone.
0:31 of 2nd period - Shot by Milan Hejduk.
0:31 of 2nd period - Stopped by Tomas Vokoun without a rebound.
0:32 of 2nd period - Joe Pavelski wins face-off versus John Madden in Flyers zone.
0:53 of 2nd period - John Madden is hit by Christopher Higgins and loses puck.
1:03 of 2nd period - Minor Penalty to Christopher Higgins for Tripping.
1:04 of 2nd period - Chris Drury wins face-off versus Alexandre Picard in Wild zone.
1:27 of 2nd period - Daniel Alfredsson is hit by Alexandre Picard and loses puck.
2:01 of 2nd period - Icing by Rob Blake.
2:02 of 2nd period - John Madden wins face-off versus Rob Niedermayer in Flyers zone.
2:54 of 2nd period - Shot by Justin Williams.
2:54 of 2nd period - Stopped by Ilya Bryzgalov with a rebound.
3:06 of 2nd period - Shot by Niklas Hagman.
3:06 of 2nd period - Shot Misses the Net.
3:08 of 2nd period - Shot by Niklas Hagman.
3:08 of 2nd period - Shot Misses the Net.
3:57 of 2nd period - Shot by Justin Williams.
3:57 of 2nd period - Stopped by Ilya Bryzgalov without a rebound.
3:58 of 2nd period - Rob Niedermayer wins face-off versus John Madden in Wild zone.
4:23 of 2nd period - Shot by Radim Vrbata.
4:23 of 2nd period - Shot Misses the Net.
5:17 of 2nd period - Shot by Martin St. Louis.
5:17 of 2nd period - Stopped by Tomas Vokoun without a rebound.
5:18 of 2nd period - Joe Pavelski wins face-off versus Brendan Morrison in Flyers zone.
5:36 of 2nd period - Brendan Morrison is hit by Chris Drury.
5:41 of 2nd period - Minor Penalty to Christopher Higgins for Hooking.
5:42 of 2nd period - John Madden wins face-off versus Rob Niedermayer in Wild zone.
5:47 of 2nd period - Shot by Radim Vrbata.
5:47 of 2nd period - Shot Blocked by Michal Rozsival.
5:49 of 2nd period - Shot by John Madden.
5:49 of 2nd period - Shot Misses the Net.
5:51 of 2nd period - Shot by Kevin Bieksa.
5:51 of 2nd period - Stopped by Ilya Bryzgalov without a rebound.
5:52 of 2nd period - Rob Niedermayer wins face-off versus John Madden in Wild zone.
5:52 of 2nd period - Rob Niedermayer is hit by John Madden.
6:43 of 2nd period - Shot by Andrei Markov.
6:43 of 2nd period - Shot Misses the Net.
6:45 of 2nd period - Shot by Andrei Markov.
6:45 of 2nd period - Shot Misses the Net.
6:47 of 2nd period - Shot by Alexandre Picard.
6:47 of 2nd period - Deflect By Jochen Hecht.
6:47 of 2nd period - Stopped by Ilya Bryzgalov without a rebound.
6:48 of 2nd period - Rob Niedermayer wins face-off versus Alexandre Picard in Wild zone.
6:48 of 2nd period - Rob Niedermayer is hit by Alexandre Picard.
7:06 of 2nd period - Shot by Chris Pronger.
7:06 of 2nd period - Stopped by Ilya Bryzgalov without a rebound.
7:07 of 2nd period - John Madden wins face-off versus Martin St. Louis in Wild zone.
7:10 of 2nd period - Shot by Niklas Hagman.
7:10 of 2nd period - Shot Misses the Net.
7:12 of 2nd period - Shot by Kevin Bieksa.
7:12 of 2nd period - Shot Blocked by Greg Zanon.
7:14 of 2nd period - Shot by Rob Blake.
7:14 of 2nd period - Shot Misses the Net.
7:16 of 2nd period - Shot by Rob Blake.
7:16 of 2nd period - Stopped by Ilya Bryzgalov without a rebound.
7:17 of 2nd period - Rob Niedermayer wins face-off versus Radim Vrbata in Wild zone.
7:35 of 2nd period - Icing by Radim Vrbata.
7:36 of 2nd period - Daniel Alfredsson wins face-off versus John Madden in Flyers zone.
7:55 of 2nd period - Shot by Milan Hejduk.
7:55 of 2nd period - Shot Misses the Net.
7:59 of 2nd period - Shot by Milan Hejduk.
7:59 of 2nd period - Stopped by Tomas Vokoun without a rebound.
8:00 of 2nd period - Glen Metropolit wins face-off versus Rob Niedermayer in Flyers zone.
8:27 of 2nd period - Shot by Rob Niedermayer.
8:27 of 2nd period - Shot Misses the Net.
8:38 of 2nd period - Minor Penalty to Chris Drury for Roughing.
8:39 of 2nd period - Joe Pavelski wins face-off versus John Madden in Wild zone.
8:50 of 2nd period - Greg Zanon is hit by John Madden and loses puck.
9:03 of 2nd period - Shot by Kevin Bieksa.
9:03 of 2nd period - Shot Misses the Net.
9:21 of 2nd period - Icing by John Madden.
9:22 of 2nd period - John Madden wins face-off versus Christopher Higgins in Flyers zone.
9:22 of 2nd period - John Madden is hit by Rob Niedermayer.
9:48 of 2nd period - Shot by Andrei Markov.
9:48 of 2nd period - Shot Misses the Net.
9:50 of 2nd period - Shot by Chris Pronger.
9:50 of 2nd period - Stopped by Ilya Bryzgalov with a rebound.
9:52 of 2nd period - Shot by Andrei Markov.
9:52 of 2nd period - Shot Misses the Net.
9:56 of 2nd period - Shot by Jochen Hecht.
9:56 of 2nd period - Deflect By Justin Williams.
9:56 of 2nd period - Stopped by Ilya Bryzgalov without a rebound.
9:57 of 2nd period - Alexandre Picard wins face-off versus Rob Niedermayer in Wild zone.
10:07 of 2nd period - Icing by Justin Williams.
10:08 of 2nd period - Alexandre Picard wins face-off versus Rob Niedermayer in Flyers zone.
10:57 of 2nd period - Shot by Milan Hejduk.
10:57 of 2nd period - Shot Misses the Net.
11:52 of 2nd period - Icing by Chris Pronger.
11:53 of 2nd period - Glen Metropolit wins face-off versus Chris Drury in Flyers zone.
11:53 of 2nd period - Glen Metropolit is hit by Chris Drury.
11:59 of 2nd period - Chris Drury is hit by Kyle Brodziak and loses puck.
12:32 of 2nd period - Daniel Alfredsson is hit by Brendan Morrison and loses puck.
12:51 of 2nd period - Shot by Niklas Hagman.
12:51 of 2nd period - Stopped by Ilya Bryzgalov without a rebound.
12:52 of 2nd period - John Madden wins face-off versus Rob Niedermayer in Wild zone.
12:52 of 2nd period - John Madden is hit by Aaron Ward.
14:16 of 2nd period - Off-side.
14:17 of 2nd period - Brendan Morrison wins face-off versus Rob Niedermayer in neutral zone.
15:04 of 2nd period - Icing by Freddy Meyer.
15:05 of 2nd period - Glen Metropolit wins face-off versus Rob Niedermayer in Wild zone.
16:44 of 2nd period - Shot by Brendan Morrison.
16:44 of 2nd period - Stopped by Ilya Bryzgalov without a rebound.
16:45 of 2nd period - Brendan Morrison wins face-off versus Chris Drury in Wild zone.
16:45 of 2nd period - Chris Pronger is hit by Jan Hejda and loses puck.
17:13 of 2nd period - Jochen Hecht is hit by Greg Zanon and loses puck.
17:21 of 2nd period - Icing by Greg Zanon.
17:22 of 2nd period - John Madden wins face-off versus Chris Drury in Wild zone.
17:22 of 2nd period - Kevin Bieksa is hit by Jan Hejda and loses puck.
17:33 of 2nd period - Shot by Niklas Hagman.
17:33 of 2nd period - Shot Hit the Post.
17:37 of 2nd period - Shot by Rob Blake.
17:37 of 2nd period - Shot Misses the Net.
17:39 of 2nd period - Shot by John Madden.
17:39 of 2nd period - Stopped by Ilya Bryzgalov with a rebound.
17:43 of 2nd period - Shot by John Madden.
17:43 of 2nd period - Stopped by Ilya Bryzgalov with a rebound.
17:45 of 2nd period - Shot by Rob Blake.
17:45 of 2nd period - Stopped by Ilya Bryzgalov without a rebound.
17:46 of 2nd period - Joe Pavelski wins face-off versus Glen Metropolit in Wild zone.
18:03 of 2nd period - Shot by Milan Hejduk.
18:03 of 2nd period - Stopped by Tomas Vokoun without a rebound.
18:04 of 2nd period - Joe Pavelski wins face-off versus John Madden in Flyers zone.
18:13 of 2nd period - Shot by Christopher Higgins.
18:13 of 2nd period - Shot Blocked by Ladislav Smid.
18:21 of 2nd period - Shot by Milan Hejduk.
18:21 of 2nd period - Stopped by Tomas Vokoun without a rebound.
18:22 of 2nd period - Joe Pavelski wins face-off versus Jochen Hecht in Flyers zone.
18:24 of 2nd period - Minor Penalty to Rob Blake for Interference.
18:25 of 2nd period - Jochen Hecht wins face-off versus Joe Pavelski in Flyers zone.
18:48 of 2nd period - Shot by Milan Hejduk.
18:48 of 2nd period - Stopped by Tomas Vokoun without a rebound.
18:49 of 2nd period - John Madden wins face-off versus Olli Jokinen in Flyers zone.
18:58 of 2nd period - Shot by Daniel Alfredsson.
18:58 of 2nd period - Stopped by Tomas Vokoun without a rebound.
18:59 of 2nd period - Daniel Alfredsson wins face-off versus John Madden in Flyers zone.
19:16 of 2nd period - Shot by Daniel Alfredsson.
19:16 of 2nd period - Shot Misses the Net.
19:20 of 2nd period - Shot by Daniel Alfredsson.
19:20 of 2nd period - Goal by Daniel Alfredsson - Wild : 2 - Flyers : 1.
19:21 of 2nd period - Brendan Morrison wins face-off versus Joe Pavelski in neutral zone.
19:40 of 2nd period - Shot by Ladislav Smid.
19:40 of 2nd period - Stopped by Ilya Bryzgalov without a rebound.
19:41 of 2nd period - Radim Vrbata wins face-off versus Martin St. Louis in Wild zone.
19:46 of 2nd period - Shot by Kevin Bieksa.
19:46 of 2nd period - Stopped by Ilya Bryzgalov with a rebound.
19:58 of 2nd period - Shot by Daniel Alfredsson.
19:58 of 2nd period - Shot Misses the Net.

Period #3

0:01 of 3rd period - Chris Drury wins face-off versus Alexandre Picard in neutral zone.
0:24 of 3rd period - Icing by Chris Drury.
0:25 of 3rd period - Chris Drury wins face-off versus Niklas Hagman in Wild zone.
0:25 of 3rd period - Chris Drury is hit by Niklas Hagman.
0:44 of 3rd period - Icing by Rob Blake.
0:45 of 3rd period - John Madden wins face-off versus Christopher Higgins in Flyers zone.
0:45 of 3rd period - John Madden is hit by Christopher Higgins.
1:09 of 3rd period - Shot by Milan Hejduk.
1:09 of 3rd period - Stopped by Tomas Vokoun without a rebound.
1:10 of 3rd period - Rob Niedermayer wins face-off versus Alexandre Picard in Flyers zone.
1:33 of 3rd period - Icing by Rob Niedermayer.
1:34 of 3rd period - Brendan Morrison wins face-off versus Brian Willsie in Wild zone.
1:34 of 3rd period - Rostislav Klesla is hit by Freddy Meyer and loses puck.
2:00 of 3rd period - Icing by Ladislav Smid.
2:01 of 3rd period - Brendan Morrison wins face-off versus Chris Drury in Flyers zone.
3:01 of 3rd period - Shot by Radim Vrbata.
3:01 of 3rd period - Goal by Radim Vrbata - Wild : 2 - Flyers : 2.
3:02 of 3rd period - Brendan Morrison wins face-off versus Joe Pavelski in neutral zone.
3:15 of 3rd period - Shot by Joe Pavelski.
3:15 of 3rd period - Stopped by Tomas Vokoun with a rebound.
3:17 of 3rd period - Shot by Ryan Whitney.
3:17 of 3rd period - Shot Misses the Net.
3:19 of 3rd period - Shot by Milan Hejduk.
3:19 of 3rd period - Shot Blocked by Chris Pronger.
3:21 of 3rd period - Shot by Ryan Whitney.
3:21 of 3rd period - Stopped by Tomas Vokoun without a rebound.
3:22 of 3rd period - Glen Metropolit wins face-off versus Rob Niedermayer in Flyers zone.
3:22 of 3rd period - Glen Metropolit is hit by Stephane Yelle.
3:30 of 3rd period - Kyle Brodziak is hit by Freddy Meyer and loses puck.
3:58 of 3rd period - Icing by Freddy Meyer.
3:59 of 3rd period - Rob Niedermayer wins face-off versus John Madden in Wild zone.
4:27 of 3rd period - Off-side.
4:28 of 3rd period - Joe Pavelski wins face-off versus Brendan Morrison in neutral zone.
4:49 of 3rd period - Shot by Jochen Hecht.
4:49 of 3rd period - Deflect By Lee Stempniak.
4:49 of 3rd period - Shot Misses the Net.
4:51 of 3rd period - Shot by Jochen Hecht.
4:51 of 3rd period - Stopped by Ilya Bryzgalov with a rebound.
5:01 of 3rd period - Rostislav Klesla is hit by Joe Pavelski and loses puck.
5:33 of 3rd period - Icing by Ryan Whitney.
5:34 of 3rd period - Glen Metropolit wins face-off versus Joe Pavelski in Wild zone.
5:35 of 3rd period - Shot by Kyle Brodziak.
5:35 of 3rd period - Shot Blocked by Michal Rozsival.
5:50 of 3rd period - Ryan Whitney is hit by Glen Metropolit and loses puck.
5:56 of 3rd period - Alexandre Picard is hit by Michal Rozsival and loses puck.
6:02 of 3rd period - Minor Penalty to Michal Rozsival for Tripping.
6:03 of 3rd period - John Madden wins face-off versus Chris Drury in Wild zone.
7:00 of 3rd period - Icing by Kevin Bieksa.
7:01 of 3rd period - John Madden wins face-off versus Rob Niedermayer in Flyers zone.
7:22 of 3rd period - Shot by Justin Williams.
7:22 of 3rd period - Stopped by Ilya Bryzgalov with a rebound.
7:24 of 3rd period - Shot by Andrei Markov.
7:24 of 3rd period - Shot Misses the Net.
7:47 of 3rd period - Off-side.
7:48 of 3rd period - Rob Niedermayer wins face-off versus Brendan Morrison in neutral zone.
8:10 of 3rd period - Off-side.
8:11 of 3rd period - Rob Niedermayer wins face-off versus Glen Metropolit in neutral zone.
8:19 of 3rd period - Stephane Yelle is hit by Andrej Sekera and loses puck.
8:23 of 3rd period - Icing by Glen Metropolit.
8:24 of 3rd period - Glen Metropolit wins face-off versus Milan Hejduk in Flyers zone.
9:46 of 3rd period - Off-side.
9:47 of 3rd period - Rob Niedermayer wins face-off versus Brendan Morrison in neutral zone.
9:49 of 3rd period - Aaron Ward is hit by Jochen Hecht and loses puck.
10:02 of 3rd period - Shot by Stephane Yelle.
10:02 of 3rd period - Stopped by Tomas Vokoun without a rebound.
10:03 of 3rd period - John Madden wins face-off versus Joe Pavelski in Flyers zone.
10:17 of 3rd period - Milan Hejduk is hit by Kevin Bieksa.
10:24 of 3rd period - Off-side.
10:25 of 3rd period - Rob Niedermayer wins face-off versus Brendan Morrison in neutral zone.
10:42 of 3rd period - Icing by Aaron Ward.
10:43 of 3rd period - Rob Niedermayer wins face-off versus John Madden in Wild zone.
10:43 of 3rd period - Rob Niedermayer is hit by Radim Vrbata.
10:54 of 3rd period - Rob Niedermayer is hit by Rob Blake and loses puck.
11:24 of 3rd period - Martin St. Louis is hit by Kevin Bieksa and loses puck.
11:28 of 3rd period - Minor Penalty to Kevin Bieksa for Hooking.
11:29 of 3rd period - Joe Pavelski wins face-off versus Alexandre Picard in Flyers zone.
11:55 of 3rd period - Icing by Milan Hejduk.
11:56 of 3rd period - Alexandre Picard wins face-off versus Joe Pavelski in Wild zone.
11:56 of 3rd period - Andrei Markov is hit by Michal Rozsival and loses puck.
12:44 of 3rd period - Icing by Olli Jokinen.
12:45 of 3rd period - John Madden wins face-off versus Olli Jokinen in Wild zone.
12:51 of 3rd period - Icing by Daniel Alfredsson.
12:52 of 3rd period - Olli Jokinen wins face-off versus John Madden in Wild zone.
12:54 of 3rd period - Icing by Freddy Meyer.
12:55 of 3rd period - Olli Jokinen wins face-off versus Alexandre Picard in Wild zone.
12:55 of 3rd period - Olli Jokinen is hit by Alexandre Picard.
13:48 of 3rd period - Shot by Brian Willsie.
13:48 of 3rd period - Stopped by Tomas Vokoun without a rebound.
13:49 of 3rd period - Glen Metropolit wins face-off versus Chris Drury in Flyers zone.
14:08 of 3rd period - Shot by Martin St. Louis.
14:08 of 3rd period - Stopped by Tomas Vokoun without a rebound.
14:09 of 3rd period - Joe Pavelski wins face-off versus John Madden in Flyers zone.
14:09 of 3rd period - Ryan Whitney is hit by Rob Blake and loses puck.
14:23 of 3rd period - Minor Penalty to Kevin Bieksa for Hooking.
14:24 of 3rd period - Olli Jokinen wins face-off versus Alexandre Picard in Flyers zone.
15:14 of 3rd period - Shot by Milan Hejduk.
15:14 of 3rd period - Stopped by Tomas Vokoun with a rebound.
15:18 of 3rd period - Shot by Martin St. Louis.
15:18 of 3rd period - Shot Blocked by Rob Blake.
15:20 of 3rd period - Shot by Joe Pavelski.
15:20 of 3rd period - Stopped by Tomas Vokoun without a rebound.
15:21 of 3rd period - Joe Pavelski wins face-off versus John Madden in Flyers zone.
15:22 of 3rd period - Shot by Martin St. Louis.
15:22 of 3rd period - Shot Misses the Net.
15:24 of 3rd period - Shot by Michal Rozsival.
15:24 of 3rd period - Goal by Michal Rozsival - Wild : 3 - Flyers : 2.
15:25 of 3rd period - Joe Pavelski wins face-off versus John Madden in neutral zone.
15:49 of 3rd period - Shot by Joe Pavelski.
15:49 of 3rd period - Shot Blocked by Kevin Bieksa.
15:51 of 3rd period - Shot by Joe Pavelski.
15:51 of 3rd period - Stopped by Tomas Vokoun without a rebound.
15:52 of 3rd period - Brendan Morrison wins face-off versus Chris Drury in Flyers zone.
16:04 of 3rd period - Icing by Greg Zanon.
16:05 of 3rd period - Chris Drury wins face-off versus John Madden in Wild zone.
16:19 of 3rd period - Shot by Niklas Hagman.
16:19 of 3rd period - Stopped by Ilya Bryzgalov without a rebound.
16:20 of 3rd period - Rob Niedermayer wins face-off versus Alexandre Picard in Wild zone.
16:22 of 3rd period - Icing by Aaron Ward.
16:23 of 3rd period - Rob Niedermayer wins face-off versus Alexandre Picard in Wild zone.
16:46 of 3rd period - Shot by Jochen Hecht.
16:46 of 3rd period - Stopped by Ilya Bryzgalov without a rebound.
16:47 of 3rd period - John Madden wins face-off versus Joe Pavelski in Wild zone.
16:52 of 3rd period - Shot by Radim Vrbata.
16:52 of 3rd period - Stopped by Ilya Bryzgalov without a rebound.
16:53 of 3rd period - Joe Pavelski wins face-off versus John Madden in Wild zone.
16:53 of 3rd period - Joe Pavelski is hit by Niklas Hagman.
17:18 of 3rd period - Shot by Niklas Hagman.
17:18 of 3rd period - Goal by Niklas Hagman - Wild : 3 - Flyers : 3.
17:19 of 3rd period - Chris Drury wins face-off versus Alexandre Picard in neutral zone.
17:35 of 3rd period - Shot by Jochen Hecht.
17:35 of 3rd period - Shot Blocked by Chris Drury.
17:39 of 3rd period - Shot by Jochen Hecht.
17:39 of 3rd period - Shot Misses the Net.
17:43 of 3rd period - Shot by Andrei Markov.
17:43 of 3rd period - Deflect By Jochen Hecht.
17:43 of 3rd period - Stopped by Ilya Bryzgalov without a rebound.
17:44 of 3rd period - John Madden wins face-off versus Rob Niedermayer in Wild zone.
18:13 of 3rd period - Icing by Rob Blake.
18:14 of 3rd period - Chris Drury wins face-off versus John Madden in Flyers zone.
18:53 of 3rd period - Shot by Jochen Hecht.
18:53 of 3rd period - Stopped by Ilya Bryzgalov with a rebound.

Overtime #1

0:01 of 1st overtime period - Chris Drury wins face-off versus Alexandre Picard in neutral zone.
1:13 of 1st overtime period - Daniel Alfredsson is hit by John Madden and loses puck.
1:18 of 1st overtime period - Shot by Rob Blake.
1:18 of 1st overtime period - Stopped by Ilya Bryzgalov without a rebound.
1:19 of 1st overtime period - John Madden wins face-off versus Daniel Alfredsson in Wild zone.
1:55 of 1st overtime period - Minor Penalty to Jochen Hecht for Hooking.
1:56 of 1st overtime period - Chris Drury wins face-off versus Alexandre Picard in Flyers zone.
2:01 of 1st overtime period - Shot by Milan Hejduk.
2:01 of 1st overtime period - Shot Misses the Net.
2:03 of 1st overtime period - Shot by Chris Drury.
2:03 of 1st overtime period - Stopped by Tomas Vokoun without a rebound.
2:04 of 1st overtime period - Brendan Morrison wins face-off versus Chris Drury in Flyers zone.
3:21 of 1st overtime period - Shot by Daniel Alfredsson.
3:21 of 1st overtime period - Shot Hit the Post.
3:57 of 1st overtime period - Shot by Martin St. Louis.
3:57 of 1st overtime period - Shot Blocked by Chris Pronger.
4:00 of 1st overtime period - Icing by Chris Pronger.
4:01 of 1st overtime period - Alexandre Picard wins face-off versus Martin St. Louis in Flyers zone.
4:42 of 1st overtime period - Shot by Niklas Hagman.
4:42 of 1st overtime period - Shot Misses the Net.
4:44 of 1st overtime period - Shot by Kevin Bieksa.
4:44 of 1st overtime period - Stopped by Ilya Bryzgalov without a rebound.
4:45 of 1st overtime period - Joe Pavelski wins face-off versus John Madden in Wild zone.
4:50 of 1st overtime period - Shot by Joe Pavelski.
4:50 of 1st overtime period - Shot Misses the Net.

ShootOut

ShootOut - Penalty Shot by Milan Hejduk for Wild.
ShootOut - Goal by Milan Hejduk.
ShootOut - Penalty Shot by Alexandre Picard for Flyers.
ShootOut - Goal by Alexandre Picard.
ShootOut - Penalty Shot by Daniel Alfredsson for Wild.
ShootOut - Shot Misses the Net.
ShootOut - Penalty Shot by Jochen Hecht for Flyers.
ShootOut - Stopped by Ilya Bryzgalov.
ShootOut - Penalty Shot by Martin St. Louis for Wild.
ShootOut - Goal by Martin St. Louis.
ShootOut - Penalty Shot by John Madden for Flyers.
ShootOut - Shot Misses the Net.


Output by the SimonT Hockey Simulator (STHS) for Stephane Roy -- Original Page W3C XHTML 1.0 Valid